 Dungeon Crawl Stone Soup version 0.31-a0-819-gf6de2f5ab6 (webtiles) character file.

Game seed: 2140643872978789642

9984 MrSquiggles the Destroyer (level 11, -5/77 HPs)
             Began as a Human Fire Elementalist on Sept 23, 2023.
             Was a Priest of Ashenzari.
             Killed by divine providence
             ... invoked by an orc priest
              (17 damage)
             ... on level 1 of the Orcish Mines on Sept 24, 2023.
             The game lasted 00:53:26 (16764 turns).

MrSquiggles the Destroyer (HuFE)                   Turns: 16764, Time: 00:53:26

Health: -5/77      AC:  5    Str:  9    XL:     11   Next: 84%
Magic:  23/32      EV: 18    Int: 19    God:    Ashenzari [***...]
Gold:   566        SH:  5    Dex: 14    Spells: 6/27 levels left

rFire   + . .        c - +3 short sword of Ashenzari's Mistrust {flame, Bglg, Melee} (curse)
rCold   . . .        y - +0 buckler of the Distant Soothsayer {Elem, Bglg} (curse)
rNeg    . . .        h - +0 robe of Ashenzari's Stars {rF+, Fort, Comp} (curse)
rPois   .            P - +0 helmet of Ashenzari's Affliction {Melee, Comp} (curse)
rElec   .            F - +1 cloak "Manifest Awkwardness" {Range, Self} (curse)
rCorr   .            (no gloves)
SInv    +            (no boots)
Will    .....        (no amulet)
Stlth   ++           K - ring of magical power
HPRegen 0.32/turn    o - +5 ring of evasion
MPRegen 0.23/turn

%: clarity
@: weak-willed, studying Invocations
A: no striking features
a: Renounce Religion, Curse Item, Shatter the Chains


You were on level 1 of the Orcish Mines.
You worshipped Ashenzari.
Ashenzari was most pleased with you.
You visited 4 branches of the dungeon, and saw 13 of its levels.

You collected 654 gold pieces.
You spent 88 gold pieces at shops.

Inventory:

Hand Weapons
 c - the cursed +3 short sword of Ashenzari's Mistrust (weapon) {flame, Bglg, Melee}
   (You took it off a kobold on level 1 of the Dungeon)

   It has a curse which improves the following skills: Beguiling: Conjurations,
   Hexes and Translocations.
   Melee Combat: Short Blades, Long Blades, Axes, Maces & Flails, Polearms,
   Staves and Unarmed Combat.
Missiles
 x - 10 boomerangs
 G - 6 curare-tipped darts
 L - 2 javelins
 N - 2 throwing nets
Armour
 a - a +0 robe
 h - the cursed +0 robe of Ashenzari's Stars (worn) {rF+, Fort, Comp}
   (You took it off an orc wizard on level 4 of the Dungeon)

   It has a curse which improves the following skills: Fortitude: Armour and
   Shields.
   Companions: Summonings and Necromancy.
 m - +0 acid dragon scales
 y - the cursed +0 buckler of the Distant Soothsayer (worn) {Elem, Bglg}
   (You found it on level 4 of the Dungeon)

   It has a curse which improves the following skills: Elements: Fire Magic, Ice
   Magic, Air Magic and Earth Magic.
   Beguiling: Conjurations, Hexes and Translocations.
 F - the cursed +1 cloak "Manifest Awkwardness" (worn) {Range, Self}
   (You found it on level 7 of the Dungeon)

   It has a curse which improves the following skills: Ranged Combat: Ranged
   Weapons and Throwing.
   Introspection: Fighting and Spellcasting.
 P - the cursed +0 helmet of Ashenzari's Affliction (worn) {Melee, Comp}
   (You found it on level 9 of the Dungeon)

   It has a curse which improves the following skills: Melee Combat: Short
   Blades, Long Blades, Axes, Maces & Flails, Polearms, Staves and Unarmed
   Combat.
   Companions: Summonings and Necromancy.
Jewellery
 j - a +4 ring of protection
 o - a +5 ring of evasion (right hand)
 p - a ring of protection from cold
 u - a ring of poison resistance
 B - an amulet of guardian spirit
 D - a ring of protection from cold
 H - a ring of ice
 K - a ring of magical power (left hand)
Wands
 k - a wand of iceblast (9)
 w - a wand of flame (67)
Scrolls
 e - 2 scrolls of noise
 f - a scroll of fog
 g - 3 scrolls of silence
 i - 2 scrolls of revelation
 n - 8 scrolls of teleportation
 v - 2 scrolls of amnesia
 z - a scroll of immolation
 I - a scroll of poison
Potions
 b - 3 potions of magic
 d - 8 potions of curing
 q - 2 potions of might
 s - a potion of resistance
 t - a potion of lignification
 A - 2 potions of attraction
 C - 2 potions of heal wounds
 E - a potion of haste
 J - a potion of degeneration
 Q - a potion of invisibility
 S - a potion of brilliance


   Skills:
 - Level 2.7(4.0) Fighting
 - Level 4.0 Dodging
 - Level 2.0 Stealth
 - Level 4.0(5.3) Shields
 + Level 6.9(8.5) Spellcasting
 - Level 9.7(12.0) Conjurations
 - Level 1.8(3.4) Translocations
 - Level 9.2(10.7) Fire Magic
 - Level 4.5(6.0) Ice Magic
 - Level 4.6(6.0) Air Magic
 - Level 3.0 Poison Magic


You had 6 spell levels left.
You knew the following spells:

 Your Spells              Type           Power      Damage    Failure   Level
a - Foxfire               Conj/Fire      100%       2x1d9     1%          1
b - Scorch                Fire           96%        2d9       1%          2
c - Magic Dart            Conj           100%       1d8       1%          1
d - Mephitic Cloud        Conj/Pois/Air  34%        N/A       1%          3
e - Volatile Blastmotes   Fire/Tloc      70%        2d15      1%          3
f - Flame Wave            Conj/Fire      50%        2d12      1%          4
g - Blink                 Tloc           42%        N/A       4%          2
h - Freezing Cloud        Conj/Ice/Air   19%        6-21      13%         5

Your spell library contained the following spells:

 Spells                   Type           Power      Damage    Failure   Level
 Momentum Strike          Conj/Tloc      74%        3d10      1%          2
 Dazzling Flash           Conj/Hex       62%        N/A       3%          3
 Inner Flame              Hex/Fire       28%        N/A       3%          3
 Lesser Beckoning         Tloc           42%        N/A       4%          2
 Gell's Gravitas          Tloc           21%        N/A       9%          3
 Teleport Other           Tloc           21%        N/A       9%          3
 Call Imp                 Summ           18%        N/A       17%         2
 Sublimation of Blood     Necr           9%         N/A       17%         2
 Wereblood                Tmut           8%         N/A       19%         2
 Starburst                Conj/Fire      25%        6d8       19%         6
 Irradiate                Conj/Tmut      15%        3d16      28%         5
 Animate Dead             Necr           9%         N/A       73%         4
 Petrify                  Tmut/Erth      8%         N/A       75%         4
 Dispersal                Tloc           10%        N/A       99%         6
 Haunt                    Necr/Summ      4%         N/A       100%        7
 Infestation              Necr           4%         N/A       100%        8


Dungeon Overview and Level Annotations

Branches:
Dungeon (10/15)            Temple (1/1) D:5            Lair (1/5) D:10
    Orc (1/2) D:9

Altars:
Ashenzari
Cheibriados
Dithmenos
Elyvilon
Fedhas
Gozag
Hepliaklqana
Kikubaaqudgha
Makhleb
Nemelex Xobeh
Okawaru
Qazlal
Ru
Sif Muna
Trog
Uskayaw
Vehumet
Wu Jian
Xom
Yredelemnul
Zin
The Shining One

Shops:
D:2 :   D:6 ?   D:7 ?

Annotations:
Orc:1 Harold, Maurice


Message History

Maurice shouts!
What are your orders? t - Shout!
Orders for allies: a - Attack new target. p - Attack previous target. r - Retreat! s - Stop attacking. g - Guard the area. f - Follow me.
Anything else - Cancel.
Gang up on whom?
Press: ? - help, Dir - move target, f - Maurice, p - warg
Aim: Maurice, wielding a +0 short sword, wearing a +0 cloak and carrying a wand of mindburst (lightly wounded, slightly transparent) Attack!
Maurice is invisible, and some of your allies can't see him.
Unknown command.
Unknown command.
Unknown command.
Your warg bites Maurice.
There is a stone staircase leading down here.
Items here: ))) †††.
Unknown command.
Unknown command.
Unknown command.
Unknown command.
You swap places.
The troll is no longer charmed.
The troll misses you. The troll closely misses you. The troll claws you.
Unknown command.
Unknown command.
Unknown command.
Your warg bites the troll.
Maurice zaps a wand.
Your mind is blasted!
* * * LOW HITPOINT WARNING * * *
Unknown command.
Unknown command.
As you read the scroll of butterflies, it crumbles to dust.
You hear the flapping of tiny wings.
Maurice is knocked back by the sudden gust.
The troll is knocked back by the sudden gust.
Harold is knocked back by the sudden gust.
Your warg bites the troll! x2
The orc priest mumbles some strange prayers to Beogh against you.
Beogh smites you!
You die...

.. .........########
....$...#.#.#...## .
......b.b..(....#
#$##.......b.#....##
....@.....b........#
.......#bbbb##....##
........bbb#b.#..##
o...o.Tbbb@bb.b$.#
....#)hhbbbbbbbb....#
. #.b).@bbbb.##...##
......#...b.b.b$.##
......#.b...#..#...#
......##bb......#.##
#..#.# #.......####
#.### ......$..
...........


You could see Maurice (invisible, ally target), a troll (weak-willed, ally
target), a warg (distracted, ally target), an orc priest, the friendly Harold
(charmed, weak-willed) and a friendly warg (charmed).

Vanquished Creatures
  3 death yaks
  A gargoyle (D:10)
  An unseen horror (D:8)
  A troll (D:10)
  2 hornets
  Grinder (D:3)
  Prince Ribbit (D:9)
  3 wyverns
  6 yaks (Lair:1)
  3 wraiths (D:7)
  2 acid dragons
  2 water moccasins
  3 orc warriors
  2 sky beasts (D:6)
  3 ogres
  3 black bears
  2 ice beasts
  3 centaurs
  3 wolves (Lair:1)
  2 phantoms (D:5)
  2 kobold brigands (D:9)
  6 bullfrogs
  7 gnoll sergeants
  2 scorpions (D:5)
  4 wights (D:8)
  7 orc priests
  3 hounds
  A jelly (D:8)
  A gnoll bouda (D:7)
  4 sleepcaps
  2 iguanas (D:4)
  Natasha (thrice) (D:3)
  14 orc wizards
  23 gnolls
  6 adders
  A shadow imp (D:7)
  3 dart slugs
  31 orcs
  6 ball pythons
  6 endoplasms
  6 giant cockroaches
  22 hobgoblins
  2 jackals (D:2)
  17 kobolds
  4 quokkas
  3 bats (D:1)
  7 frilled lizards
  6 goblins
  3 rats
  A foxfire (D:4)
250 creatures vanquished.

Vanquished Creatures (collateral kills)
  An orc priest (Orc:1)
  6 foxfires (D:9)
7 creatures vanquished.

Vanquished Creatures (others)
  A warg (Orc:1)
  904 foxfires
905 creatures vanquished.

Grand Total: 1162 creatures vanquished

Notes
Turn   | Place    | Note
-------+----------+-------------------------------------------
     0 | D:1      | MrSquiggles the Human Fire Elementalist began the quest for
                  | the Orb.
     0 | D:1      | Reached XP level 1. HP: 13/13 MP: 3/3
   247 | D:1      | Reached XP level 2. HP: 19/19 MP: 1/5
   548 | D:1      | Learned a level 2 spell: Scorch
   731 | D:1      | Reached XP level 3. HP: 24/24 MP: 0/6
  1193 | D:1      | Found a faded altar of an unknown god.
  1533 | D:2      | Found Peysoar's Book Shoppe.
  1920 | D:2      | Reached XP level 4. HP: 30/30 MP: 3/7
  2935 | D:3      | Noticed Natasha
  2939 | D:3      | Killed Natasha
  2940 | D:3      | Reached XP level 5. HP: 35/35 MP: 2/9
  2942 | D:3      | Learned a level 1 spell: Magic Dart
  3066 | D:3      | Noticed Grinder
  3071 | D:3      | Killed Grinder
  3072 | D:3      | Reached XP level 6. HP: 23/41 MP: 1/11
  3240 | D:3      | Noticed Natasha
  3246 | D:3      | Killed Natasha
  3553 | D:3      | Noticed Natasha
  3558 | D:3      | Killed Natasha
  3849 | D:4      | Learned a level 3 spell: Mephitic Cloud
  3868 | D:4      | Noticed an ogre
  3897 | D:3      | Reached XP level 7. HP: 44/46 MP: 1/12
  5162 | D:4      | Found a blossoming altar of Fedhas.
  5278 | D:4      | Found a sparkling altar of Nemelex Xobeh.
  5278 | D:4      | Found a transporter.
  5278 | D:4      | Noticed a hornet
  5299 | D:4      | Paralysed by a hornet for 1 turns
  5301 | D:4      | Killed a hornet
  5302 | D:4      | Reached XP level 8. HP: 23/52 MP: 0/14
  5673 | D:5      | Entered Level 5 of the Dungeon
  5704 | D:5      | Reached skill level 5 in Fire Magic
  5794 | D:5      | Reached skill level 5 in Conjurations
  6678 | D:5      | Learned a level 3 spell: Volatile Blastmotes
  6683 | D:5      | Learned a level 4 spell: Flame Wave
  6921 | D:5      | Noticed a hornet
  7002 | D:5      | Killed a hornet
  7003 | D:5      | Reached XP level 9. HP: 57/57 MP: 4/16
  7121 | D:5      | Reached skill level 5 in Spellcasting
  7268 | D:5      | Found a staircase to the Ecumenical Temple.
  7293 | Temple   | Entered the Ecumenical Temple
  7302 | Temple   | Became a worshipper of Ashenzari the Shackled
  7326 | D:5      | Found an ancient bone altar of Kikubaaqudgha.
  7331 | D:5      | Found an opulent altar of Gozag.
  7332 | D:5      | Found a bloodstained altar of Trog.
  7333 | D:5      | Found a hazy altar of Hepliaklqana.
  7438 | D:5      | Reached skill level 1 in Shields
  7507 | D:5      | Found a white marble altar of Elyvilon.
  8143 | D:6      | Got a dusty book
  8412 | D:6      | Found Warr's Magic Scroll Emporium.
  8564 | D:6      | Found a stormy altar of Qazlal.
  8982 | D:7      | Noticed a skeletal warrior
  8982 | D:7      | Found the +5 scythe "Finisher" {speed, execute}
  9430 | D:7      | Found Guuxier's Magic Scroll Emporium.
  9443 | D:7      | Bought a scroll of identify for 22 gold pieces
  9443 | D:7      | Bought a scroll of identify for 22 gold pieces
  9443 | D:7      | Bought a scroll of identify for 22 gold pieces
  9443 | D:7      | Bought a scroll of identify for 22 gold pieces
  9689 | D:7      | Reached XP level 10. HP: 63/63 MP: 8/17
 10518 | D:7      | Found an iron altar of Okawaru.
 10527 | D:7      | Found a radiant altar of Vehumet.
 10689 | D:8      | Learned a level 2 spell: Blink
 10774 | D:8      | Reached skill level 1 in Translocations
 11689 | D:8      | Killed an unseen horror
 12387 | D:8      | Reached * piety under Ashenzari
 12877 | D:9      | Found a staircase to the Orcish Mines.
 12996 | D:9      | Reached ** piety under Ashenzari
 13086 | D:9      | Noticed Prince Ribbit
 13096 | D:9      | Killed Prince Ribbit
 13097 | D:9      | Reached skill level 1 in Fighting
 13704 | D:9      | Reached skill level 1 in Ice Magic
 13864 | D:9      | Reached XP level 11. HP: 75/75 MP: 20/20
 14659 | D:10     | Entered Level 10 of the Dungeon
 14795 | D:10     | Reached *** piety under Ashenzari
 15094 | D:10     | Noticed a death yak
 15164 | D:10     | Killed a death yak
 15338 | D:10     | Noticed a death yak
 15338 | D:10     | Noticed a death yak
 15379 | D:10     | Killed a death yak
 15809 | D:10     | Noticed a death yak
 15810 | D:10     | Noticed a death yak
 15961 | D:9      | Killed a death yak
 16064 | D:10     | Found a staircase to the Lair.
 16439 | D:10     | Learned a level 5 spell: Freezing Cloud
 16540 | Lair:1   | Entered Level 1 of the Lair of Beasts
 16723 | Orc:1    | Entered Level 1 of the Orcish Mines
 16727 | Orc:1    | Noticed Harold
 16733 | Orc:1    | Noticed Maurice
 16737 | Orc:1    | HP: 2/77 [troll (4)]
 16764 | Orc:1    | Killed from afar by an orc priest

Illustrated notes

Levels and vault maps discovered:
D:1:      minmay_arrival_open_corners, layout_loops_ring,
          hellmonk_ecumenical_altar_arch_garden
D:2:      layout_basic, serial_shops, nicolae_shop_waterfront
D:3:      layout_basic, kennysheep_generic_room_12, uniq_natasha, uniq_grinder
D:4:      layout_loops_ring, grunt_nemelex_the_gamble, kennysheep_little_box
D:5:      layout_basic, mainiacjoe_overflow_alcove_3, elyvilon_altar_5,
          minmay_temple_entry_antechambers, minmay_manual_monstrance
D:6:      layout_rooms, nicolae_qazlal_beasts_of_the_sky, serial_shops,
          nicolae_shop_gibbet_a_chance
D:7:      layout_loops_corners, mainiacjoe_overflow_swirl, serial_shops,
          shop_statue, minmay_gold_behind_fungi, minmay_guarded_unrand_finisher
D:8:      layout_basic
D:9:      kennysheep_housing_project, layout_small_grid, david_orc_3,
          nrook_uturn, minivault_1, hangedman_abyss_or_decor_stabs,
          uniq_prince_ribbit1
D:10:     layout_roguey, dpeg_lair_monsters
Temple:   nicolae_temple_ecumenical_triangle
Lair:1:   layout_regular_city, basic_altar, worms_lemuel, grunt_megastairs_3
Orc:1:    layout_caves, uniq_harold, uniq_maurice, uniq_sonja

Skill      XL: |  1  2  3  4  5  6  7  8  9 10 11 |
---------------+----------------------------------+-----
Conjurations   | 2 3 4 6 7 9 |  9.7
Fire Magic     | 4 6 7 9 |  9.2
Spellcasting   | 3 4 5 6 |  6.9
Air Magic      | 2 3 4 |  4.6
Poison Magic   | 2 3 |  3.0
Shields        | 4 |  4.0
Translocations | 1 |  1.8
Fighting       | 2 |  2.7
Ice Magic      | 1 4 |  4.5
Dodging        | 3 4 |  4.0
Stealth        | |  2.0

Action                     |  1- 3 |  4- 6 |  7- 9 | 10-12 || total
---------------------------+-------+-------+-------+-------++-------
  Melee: Short sword       |     9 |    17 |    24 |    12 ||    62
         Punch             |       |     1 |       |       ||     1
   Cast: Foxfire           |    46 |    36 |   170 |   280 ||   532
         Scorch            |    11 |    15 |    56 |    75 ||   157
         Magic Dart        |       |       |     5 |     1 ||     6
         Mephitic Cloud    |       |       |    13 |    17 ||    30
         Volatile Blastmot |       |       |     1 |     7 ||     8
         Flame Wave        |       |       |       |    10 ||    10
         Blink             |       |       |       |     2 ||     2
 Invoke: Curse Item        |       |       |     1 |     4 ||     5
  Evoke: Wand              |       |       |    12 |     6 ||    18
    Use: Potion            |       |     4 |     1 |     1 ||     6
         Scroll            |       |       |    14 |     6 ||    20
   Stab: Confused          |       |       |     5 |     1 ||     6
 Armour: Robe              |     7 |    16 |    28 |    38 ||    89
  Dodge: Dodged            |     7 |    26 |    46 |    52 ||   131
  Block: Buckler           |       |       |     8 |    19 ||    27

Table legend: (Time is in decaauts)
 A = Elapsed time spent in this place.
 B = Non-inter-level travel time spent in this place.
 C = Inter-level travel time spent in this place.
 D = Time resting spent in this place.
 E = Time spent auto-exploring this place.
 F = Levels seen in this place.
 G = Mean time per level.
                   A        B        C        D        E       F      G
               +--------+--------+--------+--------+--------+-----+--------+
         Total |  16777 |  16186 |    591 |   4783 |   8567 |  13 | 1290.5 |
       Dungeon |  16696 |  16106 |    590 |   4783 |   8567 |  10 | 1669.6 |
        Temple |     18 |     18 |      0 |      0 |      0 |   1 |   18.0 |
          Lair |     21 |     21 |      0 |      0 |      0 |   1 |   21.0 |
  Orcish Mines |     40 |     40 |      0 |      0 |      0 |   1 |   40.0 |
               +--------+--------+--------+--------+--------+-----+--------+

Top non-repeatable levels by time:
     D:9: 2584 daAuts
     D:4: 1983 daAuts
     D:3: 1968 daAuts
     D:8: 1854 daAuts
     D:7: 1767 daAuts
    D:10: 1673 daAuts
     D:5: 1484 daAuts
     D:1: 1383 daAuts
     D:6: 1093 daAuts
     D:2: 901 daAuts
   Orc:1: 40 daAuts
  Lair:1: 21 daAuts
  Temple: 18 daAuts
